[Event "Early-Titled-Tuesday-Blitz-November-28-2023"]
[Site "Chess.com"]
[Date "2023.11.28"]
[Round "3"]
[White "MITerryble"]
[Black "JaloliddinIlkhomi"]
[Result "1-0"]
[WhiteElo "2962"]
[BlackElo "2715"]
[TimeControl "180+1"]
[EndTime "8:29:49 PST"]
[Termination "MITerryble won by resignation"]

1. d4 Nf6 2. Bg5 e6 3. e4 Be7 4. e5 Ng8 5. Be3 d5 6. Qg4 Bf8 7. Nf3 c5 8. dxc5 Nc6 9. Nc3 a6 10. O-O-O Qc7 11. Na4 Bd7 12. Nb6 Rd8 13. Qf4 h6 14. h4 Nge7 15. Bd3 Nc8 16. Kb1 Nxb6 17. cxb6 Qc8 18. c3 Na5 19. h5 Bb5 20. Rh4 Bxd3+ 21. Rxd3 Nc4 22. Rg4 Nxe3 23. fxe3 Qc6 24. Nd4 Qxb6 25.
e4 dxe4 26. Qxe4 Qc7 27. Rf3 Rd7 28. Rgf4 Bc5 29. Rg4 Bf8 30. Rfg3 b5 31. a3 a5 32. Qa8+ Rd8 33. Nxb5 Qd7 34. Qa6 Qd1+ 35. Ka2 Qd5+ 36. c4 Qc5 37. Qxa5 Be7 38. Nc7+ Kd7 39. Qxc5 Bxc5 40.
Nb5 Bf8 41. Rf4 Ke8 42. Rgf3 Rd7 43. a4 Bb4 44. Kb3 Bc5 45. a5 g5 46. hxg6 fxg6 47.
Rf6 Re7 48. Rxg6 Kd7 49. Rd3+ Kc6 50. Ka4 Ra8 51. b4 Bf2 52. Rd6+ Kb7 53. Rdxe6 1-0

[Event "Early-Titled-Tuesday-Blitz-November-28-2023"]
[Site "Chess.com"]
[Date "2023.11.28"]
[Round "3"]
[White "crescentmoon2411"]
[Black "deribas12345"]
[Result "0-1"]
[WhiteElo "2937"]
[BlackElo "2542"]
[TimeControl "180+1"]
[EndTime "8:29:49 PST"]
[Termination "deribas12345 won by resignation"]

1. e4 e6 2. d4 d5 3. e5 c5 4. c3 Qa5 5. Nf3 cxd4 6. Nxd4 Nc6 7. Bb5 Bd7 8. Bxc6 bxc6 9. b3 c5 10. Nc2 Ne7 11. O-O Ng6 12. Re1 Be7 13. Ba3 O-O 14. b4 Qc7 15. bxc5 Ba4 16. Nd2 Nxe5 17. Nb3 Nc4 18. Bc1 Bxc5 19. Qg4 Bd6 20. h4 f5 21. Qh3 Rae8 22. Ncd4 Bd7 23. h5 e5 24. Nf3 f4 25.
Qh4 h6 26. Nbd2 e4 27. Nd4 Ne5 28. c4 Nd3 29. Rd1 Be5 30. Nc2 Bf6 31. Qh2 Nxf2 32. Kxf2 e3+ 33. Kg1 Bxa1 34. Nf3 e2 35. Rxd5 Bf6 36.
Qxf4 Qxf4 37. Bxf4 Be6 38. Rd6 Bxc4 39. Bg3 a5 40. a3 a4 41. Kh2 Rd8 42. Rb6 Bb3 43. Nce1 Rfe8 44. Rb7 Rd5 45. Ra7 Rxh5+ 46. Kg1 Rd5 47.
Bf2 Rd1 48. Kh2 Be5+ 49. Nxe5 Rxe5 50. Nf3 Rf5 51. Re7 Bd5 52. Kg3 Bxf3 53. gxf3 Rd3 54.
Rxe2 Rdxf3+ 0-1

[Event "Early-Titled-Tuesday-Blitz-November-28-2023"]
[Site "Chess.com"]
[Date "2023.11.28"]
[Round "3"]
[White "muthaiahchess"]
[Black "Mihajlovskij"]
[Result "1-0"]
[WhiteElo "2552"]
[BlackElo "2244"]
[TimeControl "180+1"]
[EndTime "8:29:50 PST"]
[Termination "muthaiahchess won by resignation"]

1. c4 Nf6 2. Nc3 d6 3. g3 c5 4.
Bg2 g6 5. a3 Bg7 6. b4 O-O 7.
Nf3 Nc6 8. bxc5 dxc5 9. O-O Bd7 10. Rb1 b6 11. d3 Rc8 12. Bf4 Re8 13. Qd2 e5 14. Bg5 Be6 15. Ne1 Qd7 16. Nc2 Nd4 17. Ne3 Ng4 18. Nxg4 Bxg4 19. Rfe1 f6 20. Bh6 Bh8 21. Bd5+ Be6 22. Kg2 Rcd8 23. e4 Qf7 24. Bxe6 Rxe6 25. Nd5 Red6 26. a4 Nc6 27. h4 Bg7 28.
Be3 h5 29. f3 Qe6 30. Rb5 Kh7 31. a5 Nxa5 32. Bxc5 Rxd5 33. cxd5 Qd7 34. Rxa5 bxa5 35. Qxa5 Rc8 36. Re2 Qb7 37. Qxa7 Qb5 38. Bf2 Qxd3 39. Qe3 Qd1 40. Rd2 Qb1 41. Qe2 Rc1 42.
d6 Rc8 43. d7 Rd8 44. Qd3 Qb7 45. Qd5 Qc7 46. Qd6 Qxd6 47. Rxd6 Bf8 48. Bb6 Bxd6 49. Bxd8 f5 50. Bf6 Bc7 51. d8=Q Bxd8 52. Bxd8 fxe4 53. fxe4 1-0

[Event "Early-Titled-Tuesday-Blitz-November-28-2023"]
[Site "Chess.com"]
[Date "2023.11.28"]
[Round "3"]
[White "FischerKasparow"]
[Black "maracayo"]
[Result "0-1"]
[WhiteElo "2092"]
[BlackElo "2356"]
[TimeControl "180+1"]
[EndTime "8:29:52 PST"]
[Termination "maracayo won on time"]

1. e4 d6 2. d4 Nf6 3. Nc3 c6 4. a4 Qa5 5. Bd3 e5 6. dxe5 dxe5 7. Nf3 Nbd7 8. O-O Be7 9. Bd2 Qc7 10. Re1 O-O 11. h3 b6 12. Nh4 Re8 13. Bc4 Nc5 14.
Nf5 Bf8 15. Qf3 Be6 16. Bf1 a5 17. Rad1 Nfd7 18. Qg3 Kh8 19. Be3 Nxe4 20. Nxe4 Bxf5 21. Ng5 Nf6 22. Bc4 Bg6 23. c3 Rad8 24. f3 Nd5 25. Bc1 f6 26. Ne4 Qb7 27. h4 b5 28. axb5 cxb5 29.
Ba2 Bf7 30. c4 Nb4 31. Bb1 bxc4 32. Nc3 Nd3 33. Bxd3 Rxd3 34. Rxd3 cxd3 35. Kh2 Bd6 36. Rd1 Bg6 37. Ne4 Bxe4 38. fxe4 Qxe4 39. Be3 Bf8 40.
Qf3 Qxf3 41. gxf3 Rd8 42. Rd2 a4 43. Kg3 f5 44. h5 f4+ 45. Bxf4 exf4+ 46. Kxf4 Bb4 47.
Rd1 d2 48. Ke4 Kg8 49. f4 Kf7 50. f5 Kf6 51. Kf4 h6 52. Kg4 Rd4+ 53. Kf3 Kxf5 54. Ke3 Rd5 55. Kf3 Rd3+ 56. Ke2 Ke4 0-1

[Event "Early-Titled-Tuesday-Blitz-November-28-2023"]
[Site "Chess.com"]
[Date "2023.11.28"]
[Round "3"]
[White "SnekkerAndersen"]
[Black "IM_ArthurDW08"]
[Result "0-1"]
[WhiteElo "2539"]
[BlackElo "2779"]
[TimeControl "180+1"]
[EndTime "8:29:53 PST"]
[Termination "IM_ArthurDW08 won by resignation"]

1. d4 Nf6 2. Bf4 g6 3. Nc3 d5 4.
e3 Bg7 5. h4 h5 6. Nf3 O-O 7. Be2 c5 8. Nb5 cxd4 9. exd4 Nc6 10. c3 Bf5 11. O-O a6 12. Na3 Ng4 13. Nc2 Rc8 14. a4 Bxc2 15. Qxc2 Bxd4 16. Rad1 Bg7 17. Qd2 e5 18. Bg3 e4 19. Nd4 Nxd4 20.
cxd4 Nh6 21. Be5 Qxh4 22. Qb4 Bxe5 23. dxe5 Ng4 24. Bxg4 hxg4 25. Rxd5 Kg7 26. g3 Qh3 27. Qxe4 Rc4 28. Qg2 Qxg2+ 29. Kxg2 Rxa4 30. Rfd1 Rb4 31. R1d2 Re8 32. R5d4 Rxd4 33. Rxd4 Rxe5 34. Rxg4 Rb5 35.
b4 Kf6 36. Kf3 Ke6 37. Ke3 b6 38. Rc4 Kd6 39. g4 a5 40. bxa5 bxa5 41. Rf4 Ke6 42.
Rc4 Rb3+ 43. Ke2 Kd5 44. Rc7 f6 45. Ra7 Ra3 46. Ra6 Ke5 47. g5 fxg5 48. Rxg6 Kf5 49. Ra6 Kg4 50. Kf1 Ra2 51. Kg2 a4 52. Rb6 a3 53. Rb4+ Kf5 54. Ra4 Ra1 55. Kf3 a2 56. Ra5+ Kf6 57. Ra8 g4+ 58. Kf4 g3 59. Ra6+ Ke7 60.
Ra7+ Kd8 61. Ke5 gxf2 62. Kd6 Rd1+ 63. Ke6 a1=Q 0-1

[Event "Early-Titled-Tuesday-Blitz-November-28-2023"]
[Site "Chess.com"]
[Date "2023.11.28"]
[Round "3"]
[White "AnaKuchava"]
[Black "abc_xyz4744"]
[Result "0-1"]
[WhiteElo "2233"]
[BlackElo "2414"]
[TimeControl "180+1"]
[EndTime "8:29:53 PST"]
[Termination "abc_xyz4744 won on time"]

1. d4 d5 2. Nf3 Nf6 3. c4 c6 4.
Qb3 dxc4 5. Qxc4 Bf5 6. Nc3 e6 7. g3 Be7 8. Bg2 h6 9. O-O Ne4 10. Re1 O-O 11. Nh4 Nd6 12. Qb3 Bxh4 13. gxh4 Qxh4 14.
e4 Bh3 15. Bxh3 Qxh3 16. Bf4 Qg4+ 17. Bg3 f5 18. Qxe6+ Rf7 19. exf5 Nxf5 20. Qc8+ Rf8 21. Qxb7 Nxd4 22. Qxa8 Nf3+ 23. Kh1 Nxe1 24. Rxe1 Qf3+ 25. Kg1 Nd7 26. Qb7 Nf6 27. Qb3+ Kh8 28. Qe6 Ng4 29.
Qe2 Qf5 30. h3 Nf6 31. Qe5 Qxh3 32. Qe7 Re8 33. Qxe8+ Nxe8 34. Rxe8+ Kh7 35. Ne4 Qf5 36. Re7 Kg6 37. Rc7 Qd5 38. Nc3 Qc4 39. Rxa7 Qd3 40. Kg2 Qc4 41. Ra4 Qc5 42. Rf4 Qb6 43. Rg4+ Kh7 44.
Ne4 Qxb2 45. Kf3 Qa3+ 46. Kf4 Qxa2 47. Kf5 Qf7+ 48. Ke5 Qe7+ 49. Kf5 Qd7+ 50. Kf4 g5+ 51. Kf3 Qf5+ 0-1

[Event "Early-Titled-Tuesday-Blitz-November-28-2023"]
[Site "Chess.com"]
[Date "2023.11.28"]
[Round "3"]
[White "Bodhanas"]
[Black "Shivananda1964"]
[Result "0-1"]
[WhiteElo "2210"]
[BlackElo "2406"]
[TimeControl "180+1"]
[EndTime "8:29:53 PST"]
[Termination "Shivananda1964 won by checkmate"]

1. d4 Nf6 2. Nf3 b5 3. Bf4 Bb7 4. e3 a6 5. c3 d6 6. Be2 g6 7. Nbd2 Bg7 8. O-O O-O 9. Qc2 c6 10.
e4 Nbd7 11. Rad1 Nh5 12. Be3 e5 13. Nb3 a5 14. dxe5 dxe5 15. Nc5 Bc8 16. Qd2 Nhf6 17. Bg5 Qb6 18. Bxf6 Qxc5 19. Bxg7 Kxg7 20. b3 Re8 21. c4 b4 22. Kh1 Nf8 23. Qd6 Ne6 24. g3 Qxd6 25.
Rxd6 c5 26. Rd5 Bb7 27. Rd7 Bxe4 28. Kg1 Nd4 29. Nxd4 cxd4 30. f4 Bf5 31. Rc7 e4 32. g4 Bc8 33. f5 d3 34. Bd1 gxf5 35. gxf5 Kf6 36. Rc6+ Ke5 37. Kf2 Kd4 38. Re1 Bb7 39.
Rd6+ Kc3 40. Bg4 d2 41. Re3+ Kc2 42. Re2 e3+ 43. Rxe3 Rxe3 44. Kxe3 Re8+ 45. Kf2 Rg8 46. h3 Rxg4 47. hxg4 d1=Q 48. Rxd1 Kxd1 49. c5 Kc2 50. Kg3 Kb2 51. Kh4 Kxa2 52. Kh5 Kxb3 53. Kh6 a4 54. Kxh7 a3 55. g5 a2 56. g6 a1=Q 57. gxf7 Qf6 58. Kg8 Qxf5 59. f8=Q Qxf8+ 60. Kxf8 Kc4 61. Ke7 Kxc5 62.
Kd7 b3 63. Kc7 b2 64. Kxb7 b1=Q+ 65. Kc7 Qh7+ 66. Kd8 Kd6 67. Ke8 Qe7# 0-1

[Event "Early-Titled-Tuesday-Blitz-November-28-2023"]
[Site "Chess.com"]
[Date "2023.11.28"]
[Round "3"]
[White "platy3"]
[Black "Hasangatin_Ramil"]
[Result "0-1"]
[WhiteElo "2878"]
[BlackElo "2703"]
[TimeControl "180+1"]
[EndTime "8:29:54 PST"]
[Termination "Hasangatin_Ramil won by resignation"]

1. e4 d5 2. Nc3 Nf6 3. e5 d4 4.
Nce2 Ng4 5. f4 c5 6. Nf3 h5 7.
Ng3 g6 8. Bb5+ Bd7 9. Qe2 Qb6 10. Bxd7+ Nxd7 11. d3 e6 12. O-O Be7 13. Ne4 Qc6 14.
Bd2 Nb6 15. c4 dxc3 16. bxc3 c4 17. d4 Nd5 18. a4 b6 19. g3 Nh6 20. Rfb1 a6 21. Bc1 Nf5 22. Ba3 Nde3 23. Bxe7 Qxe4 24. Ba3 Qc6 25. Bc1 Nd5 26. Bd2 Kf8 27. Ng5 Kg7 28. Ne4 b5 29. Nc5 Nb6 30. axb5 axb5 31. Qe4 Nd5 32. Kf2 Rxa1 33. Rxa1 Ra8 34. Qb1 b4 35. Rxa8 Qxa8 36. cxb4 c3 37. Bc1 Nxd4 38. Be3 Nb5 39. Qd3 Qa2+ 40. Qe2 Qb2 41. Nd3 Qb3 42. Nc1 Qxb4 43. Nd3 Qc4 44. Nc1 Qb4 45. Nd3 Qb1 46.
Nc5 c2 47. Nd3 Nbc3 48. Qe1 Nd1+ 49. Ke2 N5xe3 50. Qa5 c1=Q 51. Nxc1 Qxc1 52. Qd8 Qc2+ 53. Kf3 Qf2+ 54. Ke4 Qg2+ 55. Kd3 Qd5+ 0-1

[Event "Early-Titled-Tuesday-Blitz-November-28-2023"]
[Site "Chess.com"]
[Date "2023.11.28"]
[Round "3"]
[White "margarita_2703"]
[Black "Eagle_2019"]
[Result "1-0"]
[WhiteElo "2334"]
[BlackElo "2668"]
[TimeControl "180+1"]
[EndTime "8:29:54 PST"]
[Termination "margarita_2703 won by resignation"]

1. e4 c5 2. Nf3 e6 3. c3 Nf6 4.
e5 Nd5 5. d4 cxd4 6. Qxd4 Nc6 7.
Qe4 d6 8. Bb5 Bd7 9. c4 Ndb4 10.
exd6 Bxd6 11. O-O a6 12. Ba4 Qa5 13. Nc3 Qf5 14. Rd1 Be5 15. a3 b5 16. Qxf5 exf5 17. cxb5 axb5 18. Bxb5 Nc2 19. Bxc6 Bxc6 20. Nxe5 Nxa1 21.
Nxc6 Nb3 22. Re1+ Kd7 23. Ne5+ Kc7 24. Bf4 Kb6 25. Nc4+ Kc6 26. Ne5+ Kb6 27. Nxf7 Rhe8 28.
Be3+ Kc6 29. Rd1 f4 30. Bxf4 Rf8 31. Ne5+ Kb7 32. Be3 Rfe8 33. Nc4 Kc6 34. Rd6+ Kc7 35. Nd5+ Kb7 36. Rb6+ Kc8 37. Rxb3 Ra6 38. Kf1 Rd8 39. Rb6 Ra4 40. Nd6+ Kd7 41. Nc3 Rg4 42. f3 Rg6 43. Nde4 Rxb6 44. Bxb6 Rb8 45. Na4 Kc6 46. b4 Kb5 47.
Nec5 Kc4 48. Kf2 Re8 49. Bc7 Re7 50. Bf4 Ra7 51. Be3 Kb5 52. Nc3+ Kc4 53. N5a4 Re7 54.
b5 Kb3 55. b6 Kc4 56. Ne4 Kd5 57. Nac5 Kc6 58. b7 1-0

[Event "Early-Titled-Tuesday-Blitz-November-28-2023"]
[Site "Chess.com"]
[Date "2023.11.28"]
[Round "3"]
[White "Magila31"]
[Black "millenium19"]
[Result "1-0"]
[WhiteElo "2367"]
[BlackElo "2488"]
[TimeControl "180+1"]
[EndTime "8:29:54 PST"]
[Termination "Magila31 won by checkmate"]

1. Nf3 d5 2. c4 e6 3. g3 Nf6 4. Bg2 Be7 5. O-O O-O 6. b3 c6 7. Bb2 a5 8. cxd5 exd5 9. a3 Bf5 10. d3 Na6 11. Nbd2 h6 12. Qc2 Re8 13. Rfd1 Bc5 14. e3 Ng4 15. Nd4 Bg6 16. N2f3 Bd6 17. Qd2 Nc5 18. Ne1 Ne5 19. Qc3 Bf8 20. Ndf3 Nxf3+ 21. Nxf3 Qb6 22. Nd4 Ne6 23. Nxe6 Rxe6 24. Qc2 Rae8 25.
Bd4 Qd8 26. Bc5 Qf6 27. Bxf8 Rxf8 28. Ra2 Rfe8 29. Qd2 b6 30. b4 axb4 31. axb4 R6e7 32. Ra6 Rb8 33. Rc1 Qf5 34. Rxc6 Qxd3 35. Qxd3 Bxd3 36. Raxb6 Rxb6 37. Rxb6 d4 38. Rb8+ Kh7 39. Rb7 Re5 40. Rxf7 dxe3 41. fxe3 Rxe3 42. Bf1 Re1 43. Kg2 Be4+ 44.
Kf2 Rb1 45. b5 Rb2+ 46. Ke3 Bd5 47. Bd3+ Kg8 48. Rf2 Rb3 49. Kd4 Bb7 50. Bc4+ Kh7 51.
Bxb3 Kg6 52. b6 h5 53. Bc2+ Kg5 54. Rf7 Bg2 55. Rxg7+ Kh6 56. Rg6+ Kh7 57. Kc5 h4 58. Rg4+ Kh6 59. Rxh4+ Kg5 60. Rf4 Kh5 61. Be4 Bh3 62. b7 Bc8 63. bxc8=Q Kh6 64. Qh8+ Kg5 65. h4# 1-0

[Event "Early-Titled-Tuesday-Blitz-November-28-2023"]
[Site "Chess.com"]
[Date "2023.11.28"]
[Round "3"]
[White "DvaHrasta"]
[Black "Roman_Ovetchkin"]
[Result "0-1"]
[WhiteElo "2497"]
[BlackElo "2662"]
[TimeControl "180+1"]
[EndTime "8:29:55 PST"]
[Termination "Roman_Ovetchkin won on time"]

1. c4 Nf6 2. g3 g6 3. Bg2 Bg7 4. Nc3 O-O 5. Nf3 d6 6. O-O c5 7.
d4 cxd4 8. Nxd4 Nc6 9. Nxc6 bxc6 10. Bxc6 Bh3 11. Bg2 Bxg2 12. Kxg2 Qa5 13. Nd5 Nxd5 14. Qxd5 Qxd5+ 15. cxd5 Rfc8 16. Rb1 Rc2 17. Kf3 Rb8 18. Be3 Rcxb2 19. Rxb2 Rxb2 20. Rc1 f5 21. Rc7 Kf7 22. Rxa7 Rb5 23. Bg5 Bf6 24. Bxf6 Kxf6 25. e4 Rb4 26. exf5 gxf5 27. Ra5 h5 28. h4 Ke5 29. Ra7 Kf6 30. Ra5 Re4 31. Ra8 Ke5 32. Rh8 Kxd5 33. Rxh5 Ke5 34.
Rh7 Kf6 35. Rh8 Ra4 36. Rf8+ Kg6 37. h5+ Kxh5 38. Rxf5+ Kg6 39. Rf8 Rxa2 40. Kg4 Kg7 41. Rd8 Rxf2 42. Kg5 Kf7 43. g4 Ke6 44. Kg6 Kd5 45.
g5 e5 46. Kh7 Rh2+ 47. Kg7 e4 48. g6 e3 49. Kf6 Rg2 50. g7 e2 51. Re8 Rf2+ 52.
Kg6 Kd4 53. g8=Q Rg2+ 54. Kf7 Rxg8 55. Kxg8 Kd3 56. Kf7 d5 57. Kf6 d4 58. Kf5 Kd2 59.
Kf4 d3 60. Kf3 e1=Q 0-1

[Event "Early-Titled-Tuesday-Blitz-November-28-2023"]
[Site "Chess.com"]
[Date "2023.11.28"]
[Round "3"]
[White "Sadykov_Ramil"]
[Black "Nitzan_Steinberg"]
[Result "1-0"]
[WhiteElo "2707"]
[BlackElo "2902"]
[TimeControl "180+1"]
[EndTime "8:29:57 PST"]
[Termination "Sadykov_Ramil won by resignation"]

1. e4 e6 2. d4 d5 3. exd5 exd5 4. Bd3 c5 5. Bb5+ Nc6 6. Nf3 Nf6 7. O-O Be7 8. dxc5 O-O 9. Be3 Ng4 10. Bd4 Nxd4 11. Qxd4 Bf6 12. Qb4 a5 13. Qa3 Ne5 14. Nbd2 Bg4 15.
Be2 Re8 16. Rfe1 Bf5 17. Nd4 Bg6 18. Bb5 Re7 19. c3 Qc7 20. N2f3 h5 21. Rad1 Rc8 22.
b4 Be4 23. Be2 h4 24. h3 Rce8 25. Qxa5 Qxa5 26. bxa5 Rc8 27. Nxe5 Bxe5 28. c6 bxc6 29. Bf3 f5 30. Bxe4 fxe4 31. f3 e3 32. Re2 g6 33. Kf1 c5 34. Nc2 d4 35. cxd4 cxd4 36.
Nxd4 Rd8 37. Rxe3 Kf7 38. Red3 Red7 39. f4 Bxd4 40. Ke2 Ke6 41. Kf3 Kf5 42. Re1 Rd5 43.
Red1 R8d6 44. R1d2 Kf6 45. a4 Kf5 46. Rd1 Ke6 47. Ke4 Kf6 48. Rxd4 Rxd4+ 49. Rxd4 Re6+ 50. Kf3 Ra6 51. Rd5 Ke6 52. Rb5 Ra8 53. Rb6+ Kd5 54. a6 Kc5 55. Rxg6 Kb4 56. Kg4 Kxa4 57. Kxh4 Kb5 58.
Kg5 Kc5 59. g4 Kd5 60. f5 1-0

[Event "Early-Titled-Tuesday-Blitz-November-28-2023"]
[Site "Chess.com"]
[Date "2023.11.28"]
[Round "3"]
[White "Orishuas"]
[Black "DonCiao"]
[Result "1-0"]
[WhiteElo "2386"]
[BlackElo "2112"]
[TimeControl "180+1"]
[EndTime "8:29:59 PST"]
[Termination "Orishuas won on time"]

1. e4 c5 2. d4 cxd4 3. c3 Nf6 4. e5 Nd5 5. Qxd4 e6 6. Nf3 Nc6 7. Qe4 f5 8. Qe2 b6 9. g3 a5 10. Bg2 Ba6 11. c4 Bb4+ 12. Bd2 O-O 13. O-O Bxd2 14. Nbxd2 Rc8 15. a3 Nde7 16. Rfe1 Qc7 17. Rac1 a4 18. Qe3 Na5 19. Qg5 Rf7 20. Qf4 Ng6 21. Qe3 Qc5 22. Ng5 Qxe3 23. Rxe3 Rff8 24. f4 Nxc4 25. Nxc4 Rxc4 26.
Rxc4 Bxc4 27. Rc3 b5 28. Bf1 Rc8 29. Bxc4 bxc4 30. Kf2 Ne7 31. Nf3 Nd5 32. Rc2 c3 33. bxc3 Rxc3 34. Rxc3 Nxc3 35. Nd4 Kf8 36. Ke3 Ke7 37.
Kd3 Nd5 38. Nb5 h6 39. h4 g6 40. Kd4 Nb6 41. Kc5 Nd5 42. Kd4 Nb6 43. Nd6 Nd5 44. Nc4 Nc7 45. Nb2 Nb5+ 46. Kc5 Nxa3 47. Nxa4 Nc2 48. Nc3 Ne3 49. Ne2 Nf1 50. Kd4 d6 51. exd6+ Kxd6 52. Kc4 Ne3+ 53. Kd3 Ng4 54. Kd4 Nf6 55. Nc3 Nh5 56. Ne2 Nf6 57. Nc3 Nd5 58.
Nb5+ Kc6 59. Na3 Nf6 60. Ke5 Ne4 61. Kxe6 Nxg3 62. Kf6 Nh5+ 63. Kxg6 Nxf4+ 64. Kxf5 1-0

[Event "Early-Titled-Tuesday-Blitz-November-28-2023"]
[Site "Chess.com"]
[Date "2023.11.28"]
[Round "3"]
[White "Ziyamammadov"]
[Black "koncheto"]
[Result "0-1"]
[WhiteElo "1858"]
[BlackElo "2529"]
[TimeControl "180+1"]
[EndTime "8:30:01 PST"]
[Termination "koncheto won by checkmate"]

1. e4 e5 2. Nf3 Nf6 3. Nxe5 Nc6 4. Nxc6 dxc6 5. Nc3 Bc5 6. h3 h5 7. d3 Qd6 8. Be2 Be6 9. Bg5 O-O-O 10. Qd2 Kb8 11. f4 Qd4 12. e5 Qf2+ 13. Kd1 Nd5 14. Bxd8 Ne3+ 15. Kc1 Rxd8 16. Bxh5 Qxd2+ 17. Kxd2 Nxg2 18. Ne2 Be3+ 19. Kd1 Bxf4 20. Nxf4 Nxf4 21. Bg4 Bd5 22.
Rf1 g5 23. Rf2 Re8 24. d4 c5 25. c3 cxd4 26. cxd4 c5 27. dxc5 Rxe5 28. Kc2 Be4+ 29.
Kc3 Bg6 30. Rd1 Rxc5+ 31. Kb4 b6 32. Rd8+ Kb7 33. Rd7+ Kb8 34. Rd8+ Kc7 35. Rc8+ Kd6 36. Rxc5 Nd3+ 37. Kc3 Nxf2 38. Rc8 f5 39. Rg8 Bf7 40. Rf8 fxg4 41. Rxf7 gxh3 42. Rxf2 g4 43. Rh2 Ke5 44.
Kd2 Kf4 45. Ke2 Kg3 46. Rh1 Kg2 47. Rc1 h2 48. Ke3 g3 49. Rc2+ Kf1 50. Rc1+ Kg2 51.
Rc2+ Kh3 52. Rc7 g2 53. Rh7+ Kg4 54. Rg7+ Kf5 55. Rf7+ Ke6 56. Rf8 g1=Q+ 57. Kd3 h1=Q 58. Kc3 Qe1+ 59. Kb3 Qhf1 60. Ka4 Qxf8 61. b4 Qfxb4# 0-1

[Event "Early-Titled-Tuesday-Blitz-November-28-2023"]
[Site "Chess.com"]
[Date "2023.11.28"]
[Round "3"]
[White "zeitnotakrobat"]
[Black "Lady_Nika"]
[Result "1/2-1/2"]
[WhiteElo "2425"]
[BlackElo "2577"]
[TimeControl "180+1"]
[EndTime "8:30:02 PST"]
[Termination "Game drawn by repetition"]

1. Nf3 d5 2. c4 c6 3. b3 Nf6 4.
Bb2 g6 5. g3 Bg7 6. Bg2 O-O 7.
O-O Nbd7 8. d3 Re8 9. Nbd2 e5 10. Qc2 d4 11. Rad1 c5 12. Rfe1 Nf8 13. e3 Bg4 14. exd4 exd4 15. h3 Bxf3 16. Nxf3 Qc7 17. Bc1 Nh5 18. Qd2 Ne6 19. Kh2 Re7 20. Re2 Rae8 21. Rde1 Bf6 22. Kg1 b6 23. Qd1 Nhg7 24. Nd2 Nf5 25. Ne4 Bg7 26. Ng5 Ne3 27. Bxe3 dxe3 28. Nxe6 exf2+ 29. Kxf2 Rxe6 30. Bd5 Bd4+ 31. Kg2 Re5 32.
Rxe5 Rxe5 33. Rxe5 Qxe5 34. Qf3 Qe7 35. Qe4 Qd7 36.
h4 Kg7 37. h5 Qd6 38. Qf3 f5 39. hxg6 hxg6 40. Qe2 Qd7 41. Qe6 Qxe6 42. Bxe6 Kf6 43. Bd5 g5 44. Kf3 Ke5 45. Bb7 Bb2 46. Bc8 Bc1 47.
Bd7 Bd2 48. Bc8 g4+ 49. Kf2 f4 50. Bxg4 fxg3+ 51. Kxg3 Kd4 52. Bf5 Kc3 53. Kf3 Bg5 54.
Ke4 Bf6 55. Kd5 Kb2 56. Kc6 Kxa2 57. Kb7 Kxb3 58. Kxa7 Kc3 59. Kxb6 Bd4 60. Kc6 Kd2 61. Kd5 Kc3 62. Be4 Kd2 63. Bf5 Kc3 64. Be4 Kd2 65. Bf5 1/2-1/2

[Event "Early-Titled-Tuesday-Blitz-November-28-2023"]
[Site "Chess.com"]
[Date "2023.11.28"]
[Round "3"]
[White "TomLiu777"]
[Black "MaxLeto"]
[Result "0-1"]
[WhiteElo "2520"]
[BlackElo "2558"]
[TimeControl "180+1"]
[EndTime "8:30:02 PST"]
[Termination "MaxLeto won by resignation"]

1. c4 e5 2. Nc3 Nc6 3. Nf3 f5 4. g3 Nf6 5. d4 e4 6. Nh4 d5 7. Bg5 dxc4 8. e3 Na5 9. Bxc4 Nxc4 10. Qa4+ c6 11. Qxc4 Bd6 12. O-O-O a6 13. d5 c5 14. f3 b5 15. Qe2 b4 16. Na4 Bd7 17. b3 Bb5 18. Qb2 c4 19. Bxf6 gxf6 20. Nxf5 Be5 21. Nd4 Rc8 22. Kb1 c3 23. Qc2 Bxd4 24. Rxd4 Bd3 25.
Rxd3 exd3 26. Qxd3 O-O 27. Kc2 a5 28. h4 Re8 29. h5 Qd6 30. Rh4 Kh8 31. Qf5 Rcd8 32. Rf4 Rxe3 33. Nc5 Re2+ 34. Kc1 Re5 35. Qxf6+ Qxf6 36. Rxf6 Rexd5 37. Ne4 Rd1+ 38. Kc2 Re1 39. Ng5 Re2+ 40.
Kc1 Rh2 41. Nf7+ Kg7 42. Nxd8 Kxf6 43. Nc6 Kg5 44. Nd4 Rxa2 45. g4 Kf4 46. Ne6+ Kxf3 47. g5 Kg4 48. g6 hxg6 49. hxg6 Kf5 50. g7 Rg2 51. Nd4+ Ke4 52. Ne6 Ke5 53. Nf4 Rxg7 54. Nh5 Rg5 55. Ng3 Rxg3 0-1

[Event "Early-Titled-Tuesday-Blitz-November-28-2023"]
[Site "Chess.com"]
[Date "2023.11.28"]
[Round "3"]
[White "MKlose11"]
[Black "Kirill_Klukin"]
[Result "1/2-1/2"]
[WhiteElo "2623"]
[BlackElo "2854"]
[TimeControl "180+1"]
[EndTime "8:30:03 PST"]
[Termination "Game drawn - insufficient material"]

1. e4 c5 2. Nc3 g6 3. g3 Bg7 4. Bg2 Nc6 5. d3 e6 6. Be3 Nd4 7. Qd2 h5 8. h3 Ne7 9. Nd1 d6 10. c3 Ndc6 11. Ne2 b6 12. O-O Bb7 13. d4 O-O 14. Bh6 cxd4 15. Bxg7 Kxg7 16. Nxd4 Nxd4 17. cxd4 Rc8 18. Ne3 Qd7 19. Rfc1 Rfd8 20. h4 Nc6 21. d5 exd5 22. Nxd5 Ne5 23. f4 Bxd5 24. Qxd5 Ng4 25. Rxc8 Rxc8 26. Rd1 Rc2 27. Bh3 Qa4 28. Bxg4 hxg4 29.
Qxd6 Qxe4 30. Qd4+ Qxd4+ 31. Rxd4 Rxb2 32. a4 Kf6 33. Kf1 Ke6 34. Ke1 Rg2 35. Rd3 Kf6 36. a5 bxa5 37. Ra3 Rc2 38. Rxa5 Rc7 39. Ke2 Ke6 40.
Ke3 Kd6 41. Kd4 Kc6 42. Ke5 Kb6 43. Ra3 a5 44. Kf6 Kb5 45. f5 Rc6+ 46. Kxf7 gxf5 47. h5 Kb4 48. Ra1 a4 49. Kg7 Kb3 50. h6 a3 51.
h7 Rc7+ 52. Kg6 Rc8 53. Kxf5 Kb2 54. Rh1 a2 55. Kxg4 Rh8 56. Rh2+ Kb3 57. Rxa2 Kxa2 58.
Kf5 Rxh7 59. g4 Kb3 60. g5 Kc4 61. g6 Rh1 62. g7 Rg1 63. Kf6 Kd5 64. Kf7 Rf1+ 65.
Ke8 Re1+ 66. Kf7 Rf1+ 67. Ke8 Rg1 68. Kf7 Kd6 69. g8=Q Rxg8 70. Kxg8 1/2-1/2

[Event "Early-Titled-Tuesday-Blitz-November-28-2023"]
[Site "Chess.com"]
[Date "2023.11.28"]
[Round "3"]
[White "GiorgianBarbosa"]
[Black "scarabee43"]
[Result "0-1"]
[WhiteElo "2515"]
[BlackElo "2804"]
[TimeControl "180+1"]
[EndTime "8:30:03 PST"]
[Termination "scarabee43 won on time"]

1. d4 Nf6 2. Nf3 d5 3. e3 Bf5 4.
Bd3 Bxd3 5. Qxd3 e6 6. Qb5+ Nbd7 7. Qxb7 Bd6 8. Qa6 O-O 9. c4 dxc4 10. Qxc4 c5 11. O-O Nb6 12. Qc2 cxd4 13. exd4 Rc8 14. Nc3 h6 15. Bd2 Nc4 16. Rab1 Bb8 17. Qd3 Qb6 18.
b3 Nxd2 19. Qxd2 Rc6 20. Na4 Qc7 21. Rbc1 Rc8 22. Rxc6 Qxc6 23. Nc5 Ne4 24. Nxe4 Qxe4 25. Rc1 Rc6 26. Rxc6 Qxc6 27. Qd1 Qc3 28. h4 Qb2 29. a4 Bd6 30. g3 a5 31. Kg2 Qc3 32. h5 Qc6 33. Qd3 Bb4 34. Qc4 Qe4 35. Qc8+ Kh7 36. Qc7 Qf5 37. Qe5 Qc2 38. Qf4 Kg8 39. Ne5 Qc7 40.
Qe4 Qd8 41. Nc6 Qd6 42. Nxb4 Qxb4 43. Qa8+ Kh7 44. Qe4+ Kg8 45. Qa8+ Kh7 46. Qe4+ Kh8 47. Qd3 Qb7+ 48. Kg1 Kg8 49. Qb5 Qc7 50. d5 exd5 51.
Qxd5 Qc3 52. Kg2 Qb4 53. Qa8+ Kh7 54. Qd5 f6 55. Qf5+ Kh8 56. Qc8+ Kh7 57. Qf5+ Kh8 58.
Qb5 Qd2 59. Qe8+ Kh7 60. Qe4+ Kh8 61. Qe8+ Kh7 62. Qg6+ Kh8 63. Qe4 Qc3 64. Qd5 Qe1 65. Kf3 Qh1+ 0-1

[Event "Early-Titled-Tuesday-Blitz-November-28-2023"]
[Site "Chess.com"]
[Date "2023.11.28"]
[Round "3"]
[White "Schattman"]
[Black "karinachess1"]
[Result "1/2-1/2"]
[WhiteElo "2419"]
[BlackElo "2593"]
[TimeControl "180+1"]
[EndTime "8:30:03 PST"]
[Termination "Game drawn by repetition"]

1. c4 e5 2. b3 f5 3. Bb2 d6 4. d4 e4 5. d5 Nf6 6. e3 Be7 7. Nh3 O-O 8. Nf4 a5 9. Nc3 Na6 10. h3 Nc5 11. Be2 Nfd7 12. a3 Ne5 13. b4 axb4 14.
axb4 Rxa1 15. Bxa1 Na6 16. Qb3 Qe8 17. O-O Qf7 18.
Bb2 g5 19. Ne6 Bxe6 20. dxe6 Qxe6 21. Nd5 Bd8 22. c5 Kg7 23. Bc4 Kh6 24. c6 Nxc6 25. Qc3 Ne5 26. Bxa6 Qxd5 27. Be2 Qf7 28. Rc1 c6 29.
Qd2 Qe6 30. Rd1 Be7 31. b5 Rd8 32. bxc6 bxc6 33. Rc1 Kg7 34. Rxc6 Kg6 35. Bxe5 Qxe5 36. Bc4 f4 37. Bd5 Rf8 38. Rc7 fxe3 39. fxe3 h5 40.
Rc1 g4 41. hxg4 hxg4 42. Rf1 Rxf1+ 43. Kxf1 Bh4 44. Bc6 Qa1+ 45. Ke2 Qe5 46. Qd5 Qxd5 47. Bxd5 Kf5 48. Bb7 Ke5 49. Bc8 g3 50. Bb7 Bg5 51. Ba8 d5 52. Bb7 Be7 53. Bc6 Bc5 54. Bb7 Kd6 55.
Ba8 Bb6 56. Bb7 Ke5 57. Ba8 d4 58. exd4+ Bxd4 59. Bb7 Bf2 60. Ba8 Kd4 61. Bb7 Ke5 62. Ba8 Kf4 63. Bb7 Ke5 1/2-1/2